cohdb
Replays
Latest Replays
All Replays
Popular Replays
Top Player Replays
Match Explorer
How It Works
Community
CoH3 Stats
Reddit
Sign in to upload your games and track your stats! →
Sign in with Steam
Match 47220825
Unlisted
Match 47220825
Overview
Messages
Build Orders
End
Construct Section Command Post
Royal Engineer Section
Infantry Section
Infantry Section
Selects Air and Sea Battlegroup
Infantry Section
Construct Field Infirmary
Construct Platoon Command Post
Humber Armored Car
Selects Commando Section Paradrop
Commando Section Paradrop
Infantry Training
Selects Commando Support Section Paradrop
Grenade Package
Force Concentration Zulu
UMirinBrah?
0
0
Comments
sign in to comment!
No comments posted yet!